 Dungeon Crawl Stone Soup version 0.31-a0-210-gccc998df9b (webtiles) character file.

Game seed: 7138118722379701309

127 qw the Shooter (level 5, -2/30 HPs)
             Began as a Gargoyle Hexslinger on June 29, 2023.
             Was an Initiate of Okawaru.
             Killed by divine providence
             ... invoked by an orc priest
              (13 damage)
             ... on level 4 of the Dungeon.
             The game lasted 00:00:57 (2491 turns).

qw the Shooter (Gargoyle Hexslinger)                Turns: 2491, Time: 00:00:58

Health: -2/30      AC:  8    Str: 11    XL:     5   Next: 11%
Magic:  6/6        EV: 11    Int: 14    God:    Okawaru [......]
Gold:   222        SH:  0    Dex: 14    Spells: 5/6 levels left

rFire   + . .        Y - +1 sling (drain)
rCold   + . .        (no shield)
rNeg    + . .        h - +0 leather armour
rPois   inf          (no helmet)
rElec   +            f - scarf {rC+ rF+}
rCorr   .            (no gloves)
SInv    .            d - +0 pair of boots
Will    .....        g - amulet of faith
Stlth   +            (no ring)
HPRegen 0.25/turn    (no ring)
MPRegen 0.10/turn

%: faith
@: no status effects
A: sickness immunity, AC +4, negative energy resistance 1, electricity
resistance, torment resistance 1, petrification resistance
a: Renounce Religion


You were on level 4 of the Dungeon.
You worshipped Okawaru.
Okawaru was noncommittal.
You visited 1 branch of the dungeon, and saw 4 of its levels.

You collected 222 gold pieces.


Innate Abilities, Weirdness & Mutations

You are immune to sickness and miasma.
Your stone body is resilient. (AC +4)
You are immune to poison.
You resist negative energy. (rN+)
You are resistant to electric shocks. (rElec)
You are resistant to unholy torment.
You are immune to petrification.


   Skills:
 - Level 2.0 Fighting
 + Level 4.9 Ranged Weapons
 - Level 1.5 Dodging
 - Level 1.0 Spellcasting
 - Level 2.6 Hexes


You had 5 spell levels left.
You knew the following spells:

 Your Spells              Type           Power      Damage    Failure   Level
a - Slow                  Hex            32%        N/A       12%         1

Your spell library contained the following spells:

 Spells                   Type           Power      Damage    Failure   Level
 Inner Flame              Hex/Fire       4%         N/A       52%         3
 Portal Projectile        Hex/Tloc       8%         N/A       52%         3
 Cause Fear               Hex            4%         N/A       75%         4

Inventory:

Hand Weapons
 Y - a +1 sling of draining (weapon)
Armour
 d - a +0 pair of boots (worn)
 f - a scarf of resistance (worn)
 h - a +0 leather armour (worn)
Jewellery
 g - an amulet of faith (around neck)
Potions
 a - a potion of ambrosia {unknown}
 b - a potion of brilliance {unknown}
 c - a potion of magic {unknown}
 e - a potion of experience {unknown}
 i - a potion of heal wounds {unknown}
 j - a potion of curing {unknown}

Dungeon Overview and Level Annotations

Branches:
Dungeon (4/15)
 Temple: D:4-7

Altars:
Okawaru

Annotations:
D:3 1 runed translucent door, qw's ghost, amateur DEHu


Message History

An orc priest comes into view. It is wielding a +0 club.
An orc comes into view. It is wielding a +0 mace.
You shoot a sling bullet. The sling bullet hits the orc.
You drain the orc.
The orc is almost dead.
You shoot a sling bullet. The sling bullet barely misses the orc.
The sling bullet hits the orc.
The orc is heavily wounded.
The orc misses you.
You shoot a sling bullet. The sling bullet barely misses the orc.
The sling bullet hits the orc.
You kill the orc!
Okawaru accepts your kill. The orc hits you but does no damage.
You shoot a sling bullet. The sling bullet hits the orc!
You kill the orc!
Okawaru accepts your kill.
You shoot a sling bullet. The sling bullet hits the orc priest.
The orc priest is lightly wounded.
You shoot a sling bullet. The sling bullet hits the orc priest.
You drain the orc priest.
The orc priest is heavily wounded.
The orc priest closely misses you. The orc hits you but does no damage.
You shoot a sling bullet.
The sling bullet closely misses the orc priest.
The orc priest hits you with a +0 club. The orc hits you with a +0 mace.
You shoot a sling bullet. The sling bullet hits the orc priest!
The orc priest is almost dead.
The orc priest misses you. The orc hits you with a +0 mace!
You shoot a sling bullet.
The sling bullet barely misses the orc priest.
The orc closely misses you.
The orc priest looks encouraged for a moment.
The orc barely misses you.
The orc priest invokes the aid of Beogh against you.
Beogh smites you!
You shoot a sling bullet.
The sling bullet closely misses the orc priest.
The orc priest calls down the wrath of Beogh upon you.
Beogh smites you!
You die...

#......# ### #......#
... ... #......# ... ...
#......# .... ...
#......# ..... ###
#......# #.....
########......####......
........................
########.#'#+##.@o).).).
#.#...#...o..)...
#.#####....)..### #..
.......)?... ###
####....$.... #.........
#......... ####......


You could see an orc priest (very drained) and an orc.

Vanquished Creatures
  5 adders
  2 worms
  A dart slug (D:1)
  6 orcs (D:4)
  3 ball pythons
  6 endoplasms
  3 giant cockroaches
  3 goblins
  12 hobgoblins
  6 kobolds
  4 quokkas
  5 bats
  A frilled lizard (D:1)
  4 rats
61 creatures vanquished.

Notes
Turn   | Place    | Note
-------+----------+-------------------------------------------
     0 | D:1      | qw the Gargoyle Hexslinger began the quest for the Orb.
     0 | D:1      | Reached XP level 1. HP: 12/12 MP: 2/2
     0 | D:1      | 0 ||| qw: Version: 0.3-a-24-ga2abf7b
     0 | D:1      | 0 ||| qw: Game counter: 6873
     0 | D:1      | 0 ||| qw: Melee chars always use a shield: true
     0 | D:1      | 0 ||| qw: God list: Okawaru
     0 | D:1      | 0 ||| qw: Allow faded altars: false
     0 | D:1      | 0 ||| qw: Do Orc after clearing Dungeon:15 true
     0 | D:1      | 0 ||| qw: Do second Lair branch before Depths: true
     0 | D:1      | 0 ||| qw: Lair rune preference: random
     0 | D:1      | 0 ||| qw: Goals: Normal
     0 | D:1      | 0 ||| PLANNING D:1-11
   101 | D:1      | Reached XP level 2. HP: 16/16 MP: 3/3
   244 | D:1      | Reached skill level 3 in Ranged Weapons
   392 | D:1      | 392 ||| FLEEEEING.
   394 | D:1      | 394 ||| FLEEEEING.
   395 | D:1      | 395 ||| FLEEEEING.
   396 | D:1      | 396 ||| FLEEEEING.
   397 | D:1      | 397 ||| FLEEEEING.
   399 | D:1      | 399 ||| FLEEEEING.
   400 | D:1      | 400 ||| FLEEEEING.
   401 | D:1      | 401 ||| FLEEEEING.
   402 | D:1      | 402 ||| FLEEEEING.
   403 | D:1      | 403 ||| FLEEEEING.
   404 | D:1      | 404 ||| FLEEEEING.
   405 | D:1      | 405 ||| FLEEEEING.
   406 | D:1      | 406 ||| FLEEEEING.
   417 | D:1      | Reached XP level 3. HP: 19/21 MP: 4/4
   870 | D:1      | 870 ||| UPGRADING to +0 pair of boots.
   875 | D:1      | 875 ||| UPGRADING to amulet of faith.
   880 | D:1      | 880 ||| READING scroll labelled MIUCILL JIORUPP.
   881 | D:1      | 881 ||| DROPPING scroll of poison.
   904 | D:2      | 904 ||| STAIRDANCE
   968 | D:2      | Found a faded altar of an unknown god.
  1122 | D:2      | Reached skill level 4 in Ranged Weapons
  1122 | D:2      | Reached XP level 4. HP: 26/26 MP: 5/5
  1148 | D:2      | Found an iron altar of Okawaru.
  1150 | D:2      | 1150 ||| PLANNING OKAWARU WORSHIP
  1150 | D:2      | 1150 ||| READING scroll labelled XEIXZE YTUHAMP.
  1151 | D:2      | 1151 ||| READING 3 scrolls labelled MEDDIQ YSORENI.
  1152 | D:2      | 1152 ||| READING scroll labelled NOUNIM GUREKH.
  1155 | D:2      | 1155 ||| DRINKING 2 murky inky potions.
  1156 | D:2      | 1156 ||| DROPPING 2 scrolls of amnesia.
  1157 | D:2      | 1157 ||| DROPPING potion of attraction.
  1178 | D:2      | Became a worshipper of Warmaster Okawaru
  1179 | D:2      | 1179 ||| PLANNING D:1-11
  1574 | D:3      | Found a runed translucent door.
  1574 | D:3      | Noticed qw's ghost (amateur DEHu)
  2271 | D:3      | 2271 ||| UPGRADING to scarf of resistance.
  2276 | D:3      | 2276 ||| UPGRADING to +0 leather armour.
  2286 | D:3      | 2286 ||| DROPPING +0 robe.
  2473 | D:4      | Reached XP level 5. HP: 30/30 MP: 6/6
  2491 | D:4      | Killed from afar by an orc priest

Levels and vault maps discovered:
D:1:      tarquinn_simple_flora_water_d, layout_basic, amethyst_killhole
D:2:      layout_rooms, basic_altar, basic_ecumenical_altar,
          kennysheep_small_spiral, minmay_misc_feat_enclosed,
          hangedman_feature_mirror
D:3:      layout_loops_corners, hellmonk_ghost_happy_afterlife
D:4:      layout_basic

Skill      XL: |  1  2  3 |
---------------+----------+-----
Ranged Weapons | 3 4 |  4.9
Fighting       | 2 |  2.0
Dodging        | |  1.5
Spellcasting   | |  1.0
Hexes          | |  2.6

Action                     |  1- 3 |  4- 6 || total
---------------------------+-------+-------++-------
   Fire: Sling             |   142 |    74 ||   216
    Use: Scroll            |     1 |     3 ||     4
         Potion            |       |     1 ||     1
 Armour: Robe              |    19 |     1 ||    20
         Leather armour    |       |     3 ||     3
  Dodge: Dodged            |    47 |    17 ||    64

Table legend:
 A = Non-vault XP
 B = Vault XP
 C = Vault XP percentage of total XP
 D = Non-vault monster count
 E = Vault monster count
 F = Vault count percentage of total count
                 A         B        C        D         E       F
            +---------+---------+-------+---------+---------+-------
      Total |     168 |      14 |   7.7 |      59 |       2 |   3.3
            +---------+---------+-------+---------+---------+-------
        D:1 |      54 |       0 |   0.0 |      27 |       0 |   0.0
        D:2 |      55 |      14 |  20.3 |      10 |       2 |  16.7
        D:3 |      22 |       0 |   0.0 |      12 |       0 |   0.0
        D:4 |      37 |       0 |   0.0 |      10 |       0 |   0.0
            +---------+---------+-------+---------+---------+-------
